 Dungeon Crawl Stone Soup version 0.29.1-13-g9f3cf754e1 (webtiles) character file.

Game seed: 1454008012406745319

506 wingedge the Conjurer (level 7, -2/56 HPs)
             Began as a Meteoran Conjurer on Jan 28, 2023.
             Was an Initiate of Sif Muna.
             Killed from afar by an electric eel (14 damage)
             ... with a bolt of electricity
             ... on level 5 of the Dungeon.
             The game lasted 00:12:12 (1779 turns).

wingedge the Conjurer (Meteoran Conjurer)           Turns: 1779, Time: 00:12:13

Health: -2/56      AC:  3    Str:  8    XL:     7   Next: 69%
Magic:  15/15      EV: 14    Int: 21    God:    Sif Muna [......]
Gold:   113        SH:  0    Dex: 20    Spells: 13/16 levels left

rFire   . . .      SeeInvis .   r - +0 mace (distort)
rCold   . . .      Faith    .   (no shield)
rNeg    . . .      Spirit   .   a - +0 robe
rPois   .          Reflect  .   t - +0 helmet
rElec   .          Harm     .   (no cloak)
rCorr   .          Rampage  .   (no gloves)
Will    .....                   (no boots)
Stlth   +.........              (no amulet)
HPRegen 0.18/turn               j - +6 ring of dexterity
MPRegen 0.14/turn               (no ring)

@: glowing, studying Dodging
A: sense surroundings 1, otherworldly, glowing, explore regen
a: Renounce Religion


You were on level 5 of the Dungeon.
You worshipped Sif Muna.
Sif Muna was noncommittal.
You visited 1 branch of the dungeon, and saw 5 of its levels.

You collected 152 gold pieces.
You spent 39 gold pieces at shops.

Inventory:

Hand Weapons
 d - a +0 sling
 h - a +0 quarterstaff
 r - a +0 mace of distortion (weapon)
Missiles
 u - 5 javelins
Armour
 a - a +0 robe (worn)
 t - a +0 helmet (worn)
Jewellery
 j - a +6 ring of dexterity (left hand)
Wands
 v - a wand of flame (16)
Scrolls
 e - a scroll of amnesia
 g - a scroll of poison
 i - a scroll of magic mapping {unknown}
 n - 2 scrolls of vulnerability {unknown}
 o - 2 scrolls of teleportation {unknown}
 q - a scroll of blinking {unknown}
Potions
 b - a potion of magic
 c - 3 potions of mutation
 f - a potion of berserk rage
 k - a potion of might {unknown}
 l - a potion of heal wounds {unknown}
 m - a potion of degeneration {unknown}
 p - 2 potions of curing
 s - a potion of flight {unknown}


   Skills:
 + Level 2.4 Fighting
 + Level 3.6 Maces & Flails
 + Level 3.8 Dodging
 - Level 1.4 Stealth
 + Level 5.1 Spellcasting
 + Level 7.1 Conjurations
 + Level 1.0 Hexes


You had 13 spell levels left.
You knew the following spells:

 Your Spells              Type           Power      Damage    Failure   Level
a - Magic Dart            Conj           100%       1d8       1%          1
b - Searing Ray           Conj           70%        2d7       1%          2

Your spell library contained the following spells:

 Spells                   Type           Power      Damage    Failure   Level
 Dazzling Flash           Conj/Hex       44%        N/A       6%          3
 Fulminant Prism          Conj/Hex       11%        3d9       21%         4
 Iskenderun's Mystic Bla  Conj/Tloc      20%        2d6       24%         4


Dungeon Overview and Level Annotations

Branches:
Dungeon (5/15) Zot: 1217   Temple (0/1) D:4

Altars:
Elyvilon
Kikubaaqudgha
Makhleb
Okawaru
Ru
Sif Muna
Xom

Shops:
D:3 =!   D:4 [*

Annotations:
D:3 1 runed translucent door, Crazy Yiuf
D:5 1 transporter


Innate Abilities, Weirdness & Mutations

You passively map a small area around you.
You are easily found by Zot.
You glow in the dark.
You regain HP and MP as you explore.


Message History

Found a transporter.
Found 6 large rocks.
Found 5 gold pieces.
There is a transporter here.
You enter the transporter and appear at another place.
v - a wand of flame (18)
You open the door.
The electric eel shoots out a bolt of lightning at you!
The bolt of electricity hits you!
Aiming: Throw Flame
Press: ? - help, Shift-Dir - straight line, f - electric eel
Aim: an electric eel (48% to hit)
The puff of flame misses the electric eel.
The electric eel is engulfed in a cloud of scalding steam.
The electric eel shoots out a bolt of lightning at you!
The bolt of electricity hits you!
The electric eel shoots out a bolt of lightning at you!
The bolt of electricity hits you!
Okay, then.
The electric eel is engulfed in a cloud of scalding steam.
You kill the electric eel!
Sif Muna accepts your kill.
You hear a splash.
Your Hexes skill increases to level 1!
You start waiting.
The electric eel shoots out a bolt of lightning at you!
The bolt of electricity hits you! The bolt of electricity misses you.
There is an open door here.
Aiming: Throw Flame
Press: ? - help, Shift-Dir - straight line, f - electric eel
Aim: an electric eel (48% to hit)
The puff of flame misses the electric eel.
The electric eel shoots out a bolt of lightning at you!
The bolt of electricity misses you. The bolt of electricity hits you!
The electric eel is engulfed in a cloud of scalding steam.
The electric eel shoots out a bolt of lightning at you!
The bolt of electricity hits you!
* * * LOW HITPOINT WARNING * * *
The bolt of electricity hits you!
You die...

..#..##*#.###+###
* ~ #####
#.#~P~~~#...#
#.#~~~~~#.... ,
#.#~~~P~#.... ,
#.#~~♣~~#.... *
#.#~~~P~#.... , *
#.#S...~#....,
#.#S...~#....
#.###@###....
#.#P...P#....
#.#8.©.8#..##
##.#######.##
#.....©....# *
#.......#.## *
#.........#
#..........#* *
#...(.......#


You could see 2 electric eels.

Vanquished Creatures
  Eustachio (D:4)
  Pargi (D:3)
  An ice beast (D:5)
  An electric eel (D:5)
  An orc wizard (D:3)
  Natasha (D:3)
  An adder (D:3)
  A worm (D:3)
  A dart slug (D:1)
  6 orcs
  9 ball pythons
  3 bats (D:1)
  4 endoplasms
  2 giant cockroaches
  7 goblins
  5 hobgoblins
  5 kobolds
  3 quokkas
  3 frilled lizards
  3 rats (D:1)
59 creatures vanquished.

Notes
Turn   | Place    | Note
-------+----------+-------------------------------------------
     0 | D:1      | wingedge the Meteoran Conjurer began the quest for the Orb.
     0 | D:1      | Reached XP level 1. HP: 14/14 MP: 5/5
    92 | D:1      | Reached XP level 2. HP: 15/22 MP: 2/6
   100 | D:1      | Reached skill level 5 in Conjurations
   165 | D:1      | Learned a level 2 spell: Searing Ray
   201 | D:1      | Reached skill level 1 in Fighting
   214 | D:1      | Reached XP level 3. HP: 28/28 MP: 3/8
   528 | D:2      | Found a faded altar of an unknown god.
   679 | D:2      | Reached XP level 4. HP: 35/35 MP: 5/10
   788 | D:3      | Found Qojo's Distillery.
   863 | D:3      | Bought a potion of curing for 39 gold pieces
   916 | D:3      | Found a runed translucent door.
   917 | D:3      | Noticed Crazy Yiuf
   971 | D:3      | Found a shimmering altar of Xom.
   974 | D:3      | Found a white marble altar of Elyvilon.
   980 | D:3      | Found a shimmering blue altar of Sif Muna.
   983 | D:3      | Found an iron altar of Okawaru.
   985 | D:3      | Became a worshipper of Sif Muna the Loreminder
   989 | D:3      | Found a burning altar of Makhleb.
   991 | D:3      | Found an ancient bone altar of Kikubaaqudgha.
  1022 | D:3      | Noticed Pargi
  1029 | D:3      | Killed Pargi
  1030 | D:3      | Reached XP level 5. HP: 39/41 MP: 1/13
  1060 | D:3      | Reached skill level 6 in Conjurations
  1060 | D:3      | Reached XP level 6. HP: 40/48 MP: 6/14
  1177 | D:3      | Found Pobe Ylu's Jewellery Shoppe.
  1191 | D:3      | Reached skill level 5 in Spellcasting
  1198 | D:3      | Noticed Natasha
  1202 | D:3      | Killed Natasha
  1203 | D:3      | Reached skill level 1 in Maces & Flails
  1264 | D:4      | Noticed Eustachio
  1363 | D:4      | Killed Eustachio
  1364 | D:4      | Reached XP level 7. HP: 39/55 MP: 3/15
  1419 | D:4      | Found Tihuiw's Armour Boutique.
  1458 | D:4      | Found a staircase to the Ecumenical Temple.
  1529 | D:4      | Found a sacrificial altar of Ru.
  1569 | D:4      | Found Juyzante's General Store.
  1613 | D:5      | Entered Level 5 of the Dungeon
  1623 | D:5      | Reached skill level 7 in Conjurations
  1648 | D:5      | Found a transporter.
  1659 | D:5      | Found a transporter.
  1676 | D:5      | Reached skill level 1 in Hexes
  1779 | D:5      | Killed from afar by an electric eel

Illustrated notes

Levels and vault maps discovered:
D:1:      lemuel_arrival_room, layout_basic
D:2:      kb_forest_paths, layout_loops_corners,
          shapermc_ecumenical_altar_acropolis
D:3:      layout_basic, nicolae_overflow_hallway_of_the_gods, serial_shops,
          nicolae_shop_hallway_plus, nicolae_shop_crystal, nicolae_shop_trees,
          nicolae_diamond_shop, uniq_natasha, uniq_pargi, uniq_terence,
          uniq_crazy_yiuf_cottage
D:4:      layout_basic, hangedman_ru_absence, temple_hall, serial_shops, shop,
          shop, uniq_eustachio
D:5:      gammafunk_steamed_eel, layout_cave_pods, kennysheep_mini_moat,
          serial_rivers, chequers_serial_rivers_small_3,
          chequers_serial_rivers_large_b, chequers_serial_rivers_micro_b,
          chequers_serial_rivers_small_b

Skill      XL: |  1  2  3  4  5  6  7 |
---------------+----------------------+-----
Conjurations   | 5 6 7 |  7.1
Spellcasting   | 3 4 5 |  5.1
Fighting       | 1 2 |  2.4
Dodging        | 3 |  3.8
Maces & Flails | 3 |  3.6
Hexes          | 1 |  1.0
Stealth        | |  1.4

Action                   |  1- 3 |  4- 6 |  7- 9 || total
-------------------------+-------+-------+-------++-------
Melee: Mace              |       |     1 |     1 ||     2
 Fire: Sling             |     9 |       |       ||     9
 Cast: Magic Dart        |    31 |     5 |     2 ||    38
       Searing Ray       |    12 |    17 |     6 ||    35
Evoke: Wand              |       |       |     2 ||     2
  Use: Scroll            |     3 |     1 |       ||     4
Armor: Robe              |       |     1 |     2 ||     3
Dodge: Dodged            |     4 |     2 |     5 ||    11
